 Dungeon Crawl Stone Soup version 0.29.1-12-g30fa7ad0bf (webtiles) character file.

Game seed: 7954356874867681778

154 melloss the Sneak (level 5, -3/37 HPs)
             Began as a Gnoll Enchanter on Dec 23, 2022.
             Slain by Grinder (4 damage)
             ... while paralysed by Grinder
             ... on level 3 of the Dungeon.
             The game lasted 00:06:51 (3179 turns).

melloss the Sneak (Gnoll Enchanter)                 Turns: 3179, Time: 00:06:52

Health: -3/37      AC:  3    Str:  7    XL:     5   Next: 36%
Magic:  12/12      EV:  2    Int: 14    God:
Gold:   155        SH:  0    Dex: 15    Spells: 12/14 levels left

rFire   . . .      SeeInvis .   y - +0 short sword (freeze)
rCold   x . .      Faith    .   (no shield)
rNeg    . . .      Spirit   .   p - +1 robe "Lorghatuxt" {rC- Will- rCorr Archmagi}
rPois   .          Reflect  .   (no helmet)
rElec   .          Harm     .   (no cloak)
rCorr   +          Rampage  .   (no gloves)
Will    .....      Archmagi +   (no boots)
Stlth   +++.......              (no amulet)
HPRegen 0.12/turn               (no ring)
MPRegen 0.13/turn               (no ring)

@: paralysed
A: fangs 1, strong nose, distributed training
a: no special abilities


You were on level 3 of the Dungeon.
You visited 1 branch of the dungeon, and saw 3 of its levels.

You collected 155 gold pieces.

Inventory:

Hand Weapons
 a - a +1 dagger
 y - a +0 short sword of freezing (weapon)
Missiles
 v - 3 curare-tipped darts (quivered)
Armour
 b - a +0 robe
 n - an orb of guile
 p - the +1 robe "Lorghatuxt" (worn) {rC- Will- rCorr Archmagi}
   (You found it on level 2 of the Dungeon)

   rC:        It makes you vulnerable to cold.
   rCorr:     It protects you from acid and corrosion.
   Archmagi:  It increases the power of your magical spells.
   Will:      It decreases your willpower.
Magical Staves
 w - a staff of poison
Wands
 r - a wand of mindburst (17)
Scrolls
 d - 2 scrolls of amnesia {unknown}
 e - 3 scrolls of identify {unknown}
 g - 4 scrolls of teleportation {unknown}
 i - a scroll of silence {unknown}
 j - a scroll of immolation {unknown}
 k - a scroll of poison {unknown}
 l - a scroll of enchant armour {unknown}
 o - a scroll of butterflies {unknown}
 t - a scroll of brand weapon {unknown}
Potions
 c - 2 potions of invisibility
 f - 3 potions of haste {unknown}
 h - 3 potions of flight {unknown}
 m - a potion of brilliance {unknown}
 q - a potion of mutation {unknown}
 s - 2 potions of degeneration {unknown}
 u - a potion of heal wounds {unknown}
 x - a potion of curing {unknown}


   Skills:
 + Level 1.5 Fighting
 + Level 3.0 Short Blades
 + Level 1.5 Long Blades
 + Level 1.5 Axes
 + Level 1.5 Maces & Flails
 + Level 1.5 Polearms
 + Level 1.5 Staves
 + Level 1.5 Ranged Weapons
 + Level 1.5 Throwing
 + Level 1.5 Armour
 + Level 4.8 Dodging
 + Level 6.1 Stealth
 + Level 1.5 Shields
 + Level 1.5 Unarmed Combat
 + Level 5.2 Spellcasting
 + Level 1.2 Conjurations
 + Level 5.5 Hexes
 + Level 1.2 Summonings
 + Level 1.2 Necromancy
 + Level 1.2 Translocations
 + Level 1.2 Transmutations
 + Level 1.2 Fire Magic
 + Level 1.2 Ice Magic
 + Level 1.2 Air Magic
 + Level 1.2 Earth Magic
 + Level 1.2 Poison Magic
 + Level 1.7 Invocations
 + Level 1.5 Evocations


You had 12 spell levels left.
You knew the following spells:

 Your Spells              Type           Power      Damage    Failure   Level
a - Ensorcelled Hibernat  Hex/Ice        38%        N/A       6%          2

Your spell library contained the following spells:

 Spells                   Type           Power      Damage    Failure   Level
 Confusing Touch          Hex            28%        N/A       5%          3
 Tukima's Dance           Hex            28%        N/A       5%          3
 Dazzling Flash           Conj/Hex       38%        N/A       13%         3
 Blink                    Tloc           20%        N/A       16%         2
 Lesser Beckoning         Tloc           10%        N/A       30%         3
 Manifold Assault         Tloc           10%        N/A       96%         5


Dungeon Overview and Level Annotations

Branches:
Dungeon (3/15)

Altars:

Annotations:
D:3 Grinder


Innate Abilities, Weirdness & Mutations

You have very sharp teeth.
Your uncanny sense of smell can sniff out nearby items.
Your experience applies equally to all skills.


Message History

You kill the orc!
Things that are here:
a +0 war axe; a +0 leather armour; a +0 club
Things that are here:
a +0 hand axe; a +0 short sword of freezing; an orc corpse
y - a +0 short sword of freezing Your +0 short sword of freezing glows with a cold blue light!
y - a +0 short sword of freezing (weapon)
You start resting.
Grinder is nearby!
You start resting.
Grinder is nearby!
You start resting.
HP restored.
Things that are here:
a +0 hand axe; an orc corpse Grinder shouts!
You hit Grinder but do no damage. Grinder hits you.
You writhe in agony.
You hit Grinder but do no damage. You punch Grinder, but do no damage.
Your bite misses Grinder. Grinder hits you.
You writhe in agony.
You hit Grinder but do no damage. Your punch misses Grinder.
Grinder barely misses you.
You hit Grinder but do no damage. Your bite misses Grinder.
Grinder closely misses you.
You barely miss Grinder. You bite Grinder, but do no damage. Grinder hits you.
You barely miss Grinder. Grinder hits you but does no damage.
Grinder attacks as you move away! Grinder hits you.
You writhe in agony.
* * * LOW HITPOINT WARNING * * *
Grinder gestures at you.
You suddenly lose the ability to move!
Grinder hits you but does no damage. Grinder gestures at you.
Pain shoots through your body!
* * * LOW HITPOINT WARNING * * *
Grinder says, "Tell me all your secrets, or I'll kill you."
Grinder hits you.
* * * LOW HITPOINT WARNING * * *
You writhe in agony.
You die...

#................#......
###.#######.#.##.#####.#
#...######.#.##.# #.#
#...#.........#.# #.#
#...#.......#.#.# ##..
#####...#..###..#.#.# #...
#............)......####...
..............##............
..........5@.###....#####...
#.##.#........>..#..# #... #
#.#....#....<.##.# ####
#.#..[.#########.# .......
#.# #.##.#..# #.# #. .....#
#.# # ...##.# #.# #..


You could see Grinder.

Vanquished Creatures
  An orc priest (D:3)
  Terence (D:2)
  3 adders
  3 worms
  3 dart slugs
  3 orcs (D:3)
  7 ball pythons
  9 endoplasms
  A giant cockroach (D:2)
  4 goblins
  2 hobgoblins (D:1)
  8 kobolds
  4 quokkas
  3 bats
  2 frilled lizards
  3 rats
57 creatures vanquished.

Notes
Turn   | Place    | Note
-------+----------+-------------------------------------------
     0 | D:1      | melloss the Gnoll Enchanter began the quest for the Orb.
     0 | D:1      | Reached XP level 1. HP: 13/13 MP: 6/6
   399 | D:1      | Reached XP level 2. HP: 19/19 MP: 7/7
   402 | D:1      | Learned a level 2 spell: Ensorcelled Hibernation
   650 | D:1      | Reached skill level 5 in Spellcasting
   650 | D:1      | Reached XP level 3. HP: 25/25 MP: 7/9
   741 | D:1      | Reached skill level 6 in Stealth
  1146 | D:2      | Reached skill level 1 in Invocations
  1242 | D:2      | Reached skill level 1 in Fighting
  1242 | D:2      | Reached skill level 1 in Long Blades
  1242 | D:2      | Reached skill level 1 in Axes
  1242 | D:2      | Reached skill level 1 in Maces & Flails
  1242 | D:2      | Reached skill level 1 in Polearms
  1242 | D:2      | Reached skill level 1 in Staves
  1242 | D:2      | Reached skill level 1 in Ranged Weapons
  1242 | D:2      | Reached skill level 1 in Throwing
  1242 | D:2      | Reached skill level 1 in Armour
  1242 | D:2      | Reached skill level 1 in Shields
  1242 | D:2      | Reached skill level 1 in Unarmed Combat
  1242 | D:2      | Reached skill level 1 in Evocations
  1300 | D:2      | Noticed Terence
  1309 | D:2      | Killed Terence
  1310 | D:2      | Reached XP level 4. HP: 23/32 MP: 3/11
  1447 | D:2      | Identified the +1 robe "Lorghatuxt" {rC- Will- rCorr
                  | Archmagi}
  1638 | D:2      | Reached skill level 1 in Conjurations
  1638 | D:2      | Reached skill level 1 in Summonings
  1638 | D:2      | Reached skill level 1 in Necromancy
  1638 | D:2      | Reached skill level 1 in Translocations
  1638 | D:2      | Reached skill level 1 in Transmutations
  1638 | D:2      | Reached skill level 1 in Fire Magic
  1638 | D:2      | Reached skill level 1 in Ice Magic
  1638 | D:2      | Reached skill level 1 in Air Magic
  1638 | D:2      | Reached skill level 1 in Earth Magic
  1638 | D:2      | Reached skill level 1 in Poison Magic
  2610 | D:3      | Reached XP level 5. HP: 35/37 MP: 3/12
  2701 | D:3      | Noticed Grinder
  2714 | D:3      | Paralysed by Grinder for 5 turns
  3175 | D:3      | Paralysed by Grinder for 5 turns
  3179 | D:3      | HP: 1/37 [Grinder (5)]
  3179 | D:3      | Slain by Grinder

Illustrated notes

Levels and vault maps discovered:
D:1:      minmay_arrival_three_doors, layout_loops_ring, columned_hall_lemuel,
          minmay_tetromino_o4
D:2:      kb_forest_paths, layout_basic, uniq_terence
D:3:      layout_loops_cross, ebering_ghost_inner_flame, uniq_grinder

Skill      XL: |  1  2  3  4  5 |
---------------+----------------+-----
Spellcasting   | 5 |  5.2
Stealth        | 6 |  6.1
Invocations    | 1 |  1.7
Fighting       | 1 |  1.5
Long Blades    | 1 |  1.5
Axes           | 1 |  1.5
Maces & Flails | 1 |  1.5
Polearms       | 1 |  1.5
Staves         | 1 |  1.5
Ranged Weapons | 1 |  1.5
Throwing       | 1 |  1.5
Armour         | 1 |  1.5
Shields        | 1 |  1.5
Unarmed Combat | 1 |  1.5
Evocations     | 1 |  1.5
Conjurations   | 1 |  1.2
Summonings     | 1 |  1.2
Necromancy     | 1 |  1.2
Translocations | 1 |  1.2
Transmutations | 1 |  1.2
Fire Magic     | 1 |  1.2
Ice Magic      | 1 |  1.2
Air Magic      | 1 |  1.2
Earth Magic    | 1 |  1.2
Poison Magic   | 1 |  1.2
Short Blades   | 3 |  3.0
Dodging        | |  4.8
Hexes          | |  5.5

Action                   |  1- 3 |  4- 6 || total
-------------------------+-------+-------++-------
Melee: Dagger            |    56 |    73 ||   129
       Bite              |     4 |    10 ||    14
       Punch             |     1 |     1 ||     2
       Short sword       |       |     6 ||     6
 Cast: Ensorcelled Hiber |     5 |    11 ||    16
 Stab: Sleeping          |    15 |    18 ||    33
       Distracted        |     1 |       ||     1
Armor: Robe              |     6 |    12 ||    18
Dodge: Dodged            |    33 |    43 ||    76
